 Dungeon Crawl Stone Soup version 0.30.0-19-g36f170ea60 (webtiles) character file.

Game seed: 15696042914291866648

175 jasper the Digger (level 5, -2/24 HPs)
             Began as a Spriggan Earth Elementalist on May 27, 2023.
             Killed by nerve-wracking pain
             ... invoked by Grinder
              (7 damage)
             ... while paralysed by Grinder
             ... on level 3 of the Dungeon.
             The game lasted 00:04:34 (2140 turns).

jasper the Digger (Spriggan Earth Elementalist)     Turns: 2140, Time: 00:04:35

Health: -2/24      AC:  3    Str:  4    XL:     5   Next: 29%
Magic:  5/10       EV:  4    Int: 18    God:
Gold:   172        SH:  0    Dex: 16    Spells: 4/10 levels left

rFire   . . .        i - +3 whip
rCold   . . .        (no shield)
rNeg    . . .        a - +0 robe
rPois   .            (helmet restricted)
rElec   .            c - +0 cloak
rCorr   .            (gloves unavailable)
SInv    +            (boots unavailable)
Will    .....        (no amulet)
Stlth   ++           (no ring)
HPRegen 0.24/turn    (no ring)
MPRegen 0.12/turn

%: no passive effects
@: paralysed, very quick
A: very small, no large weapons, unfitting armour, see invisible, speed 3
a: no special abilities


You were on level 3 of the Dungeon.
You visited 1 branch of the dungeon, and saw 3 of its levels.

You collected 172 gold pieces.

Inventory:

Hand Weapons
 i - a +3 whip (weapon)
 k - a +0 flail of holy wrath
Missiles
 n - 3 poisoned darts
Armour
 a - a +0 robe (worn)
 c - a +0 cloak (worn)
 m - a +0 cloak
Magical Staves
 g - a staff of air
Jewellery
 q - an amulet of guardian spirit
Scrolls
 d - a scroll of fear
 f - 2 scrolls of fog
 l - a scroll of summoning {unknown}
Potions
 b - a potion of magic
 e - a potion of attraction
 h - a potion of ambrosia {unknown}
 j - a potion of lignification {unknown}
 o - 2 potions of curing {unknown}
 p - 2 potions of flight {unknown}


   Skills:
 - Level 2.6 Dodging
 - Level 3.0 Stealth
 - Level 3.0 Spellcasting
 + Level 1.6 Conjurations
 - Level 1.3 Transmutations
 + Level 4.8 Earth Magic


You had 4 spell levels left.
You knew the following spells:

 Your Spells              Type           Power      Damage    Failure   Level
a - Sandblast             Erth           40%        2d10      2%          1
b - Passwall              Tmut/Erth      10%        N/A       7%          2
c - Stone Arrow           Conj/Erth      28%        3d8       13%         3

Your spell library contained the following spells:

 Spells                   Type           Power      Damage    Failure   Level
 Petrify                  Tmut/Erth      13%        N/A       41%         4


Dungeon Overview and Level Annotations

Branches:
Dungeon (3/15)

Altars:

Annotations:
D:3 Grinder


Innate Abilities, Weirdness & Mutations

You are very small and have problems with some larger weapons.
You are too small for most types of armour.
You have supernaturally acute eyesight. (SInv)
You cover ground extremely quickly. (Speed+++)


Message History

The blast of sand misses Grinder.
A goblin comes into view. It is wielding a +0 dagger.
You now have 9/10 mp.
The blast of sand hits Grinder!
Grinder is moderately wounded.
Grinder gestures at you. You resist with some effort.
You now have 8/10 mp.
The blast of sand hits Grinder!
Grinder is heavily wounded.
Grinder barely misses you.
You now have 7/10 mp.
The blast of sand hits Grinder.
Grinder is heavily wounded.
Grinder hits you but does no damage. Grinder hits you!
You writhe in agony.
You take 14 damage, and have 10/24 hp.
MASSIVE DAMAGE!!
You now have 6/10 mp.
You are too injured to fight recklessly!
Casting: Sandblast (safe; 2% risk of failure)
Confirm with . or Enter, or press ? or * to list all spells.
Aiming: Sandblast (safe; 2% risk of failure)
Press: ? - help, Shift-Dir - straight line, f/p - Grinder
Aim: Grinder (heavily wounded, 81% to hit)
The blast of sand misses Grinder.
The blast of sand hits the goblin!
You kill the goblin!
Grinder misses you.
You now have 5/10 mp.
Casting: Sandblast (safe; 2% risk of failure)
Confirm with . or Enter, or press ? or * to list all spells.
Aiming: Sandblast (safe; 2% risk of failure)
Press: ? - help, Shift-Dir - straight line, f/p - Grinder
Aim: Grinder (heavily wounded, 81% to hit)
The blast of sand misses Grinder.
Grinder hits you.
You writhe in agony.
* * * LOW HITPOINT WARNING * * *
Grinder gestures at you.
You suddenly lose the ability to move!
Grinder barely misses you. Grinder hits you but does no damage.
Grinder gestures at you. Pain shoots through your body!
You die...

#....................
###.########.########
#.# #.# ##### #.# #.#
#†... #.#
.##.####.### #.#
.......†.### #.#
.##.........
#.####.###########.
#.@5)...# #.
######..# #. ### #.
#.. #. #.# #. #.# #.
#.# #. #.# #. #.#
#### ##


You could see Grinder.

Vanquished Creatures
  Natasha (twice) (D:3)
  3 gnolls (D:2)
  4 adders
  3 dart slugs (D:1)
  7 bats
  2 endoplasms
  2 giant cockroaches
  3 goblins
  5 hobgoblins
  4 jackals (D:2)
  6 kobolds
  A quokka (D:3)
  3 ball pythons
  2 frilled lizards
  10 rats
57 creatures vanquished.

Notes
Turn   | Place    | Note
-------+----------+-------------------------------------------
     0 | D:1      | jasper the Spriggan Earth Elementalist began the quest for
                  | the Orb.
     0 | D:1      | Reached XP level 1. HP: 9/9 MP: 5/5
    21 | D:1      | Reached skill level 3 in Earth Magic
   108 | D:1      | Reached XP level 2. HP: 13/13 MP: 3/6
   111 | D:1      | Learned a level 2 spell: Passwall
   850 | D:2      | Reached XP level 3. HP: 16/16 MP: 3/8
   856 | D:2      | Reached skill level 4 in Earth Magic
   884 | D:2      | Learned a level 3 spell: Stone Arrow
  1084 | D:2      | Reached XP level 4. HP: 17/21 MP: 5/9
  1727 | D:3      | Reached skill level 1 in Conjurations
  1851 | D:3      | Noticed Natasha
  1854 | D:3      | Killed Natasha
  1922 | D:3      | Noticed Natasha
  1925 | D:3      | Killed Natasha
  1926 | D:3      | Reached XP level 5. HP: 24/24 MP: 7/10
  2130 | D:3      | Noticed Grinder
  2137 | D:3      | Paralysed by Grinder for 5 turns
  2140 | D:3      | Killed from afar by Grinder

Illustrated notes

Levels and vault maps discovered:
D:1:      lightli_arrival_lavapool, layout_rooms
D:2:      layout_basic, st_stairs_9, minivault_23
D:3:      layout_loops_ring, minmay_goblin_kobold_house, uniq_grinder,
          uniq_natasha

Skill      XL: |  1  2  3  4 |
---------------+-------------+-----
Earth Magic    | 3 4 |  4.8
Spellcasting   | 3 |  3.0
Conjurations   | 1 |  1.6
Dodging        | |  2.6
Stealth        | |  3.0
Transmutations | |  1.3

Action                     |  1- 3 |  4- 6 || total
---------------------------+-------+-------++-------
   Cast: Sandblast         |    40 |    43 ||    83
    Use: Scroll            |     7 |     1 ||     8
 Armour: Robe              |       |     3 ||     3
  Dodge: Dodged            |     5 |    11 ||    16
